| TOP OF THE 1ST |
|
New Orleans Zephyrs batting - Pitching for Lehigh Valley IronPigs : RHP Jeremy Trotter
|
|
Pitching: RHP Jeremy Trotter
|
|
|
Batting: LHB David Doge
|
0-0: Ground out 4-3 (Groundball, 4, EV 85.0 MPH)
|
|
Batting: SHB Ramon Martinez
|
0-0: Swinging Strike 0-1: Ball 1-1: Ground out 4-3 (Groundball, 4MS, EV 76.2 MPH)
|
|
Batting: RHB Manuel Taveras
|
0-0: SINGLE (Groundball, 4MD, EV 96.2 MPH)
|
|
Batting: RHB Adam McGurn
|
0-0: Ball 1-0: Swinging Strike 1-1: SINGLE (Line Drive, 9LS, EV 102.5 MPH) Manuel Taveras to second Runner from 2nd tries for 3rd, OUT! 9-5
|
| Top of the 1st over - 0 runs, 2 hits, 0 errors, 1 left on base; New Orleans 0 - Lehigh Valley 0 |
| BOTTOM OF THE 1ST |
|
Lehigh Valley IronPigs batting - Pitching for New Orleans Zephyrs : RHP Nick Newmaster
|
|
Pitching: RHP Nick Newmaster
|
|
|
Batting: RHB Mark Schultz
|
0-0: Called Strike 0-1: Ball 1-1: Ball 2-1: Ground out 5-3 (Groundball, 5, EV 85.6 MPH)
|
|
Batting: LHB Tom Edwards
|
0-0: Ground out U3 (Groundball, 34S, EV 84.4 MPH)
|
|
Batting: RHB Melchor Sovrivilla
|
0-0: Called Strike 0-1: Ball 1-1: Foul Ball, location: 2F 1-2: Ball 2-2: Foul Ball, location: 2F 2-2: Ball 3-2: Fly out, F9 (Flyball, 9LSF, EV 78.1 MPH)
|
| Bottom of the 1st over - 0 runs, 0 hits, 0 errors, 0 left on base; New Orleans 0 - Lehigh Valley 0 |
| TOP OF THE 2ND |
|
New Orleans Zephyrs batting - Pitching for Lehigh Valley IronPigs : RHP Jeremy Trotter
|
|
Batting: LHB Eric Bailey
|
0-0: Called Strike 0-1: Swinging Strike 0-2: Ball 1-2: Strikes out swinging, 2-3 out at first.
|
|
Batting: RHB Rafael Irizarry
|
0-0: Ground out 4-3 (Groundball, 4, EV 77.5 MPH)
|
|
Batting: RHB Boof Howell
|
0-0: Swinging Strike 0-1: Swinging Strike 0-2: Strikes out looking
|
| Top of the 2nd over - 0 runs, 0 hits, 0 errors, 0 left on base; New Orleans 0 - Lehigh Valley 0 |
| BOTTOM OF THE 2ND |
|
Lehigh Valley IronPigs batting - Pitching for New Orleans Zephyrs : RHP Nick Newmaster
|
|
Batting: RHB Jose Leon
|
0-0: Ball 1-0: Ball 2-0: Foul Ball, location: 2F 2-1: Foul Ball, location: 2F 2-2: Ball 3-2: Base on Balls
|
|
Batting: LHB Danny Hill
|
0-0: Foul Ball, location: 2F 0-1: Ball 1-1: Ball 2-1: Called Strike 2-2: Foul Ball, location: 2F 2-2: Ball 3-2: Base on Balls Jose Leon to second
|
|
Batting: LHB Jose Carlos
|
0-0: Ball 1-0: Swinging Strike 1-1: Ball 2-1: Called Strike 2-2: Strikes out swinging
|
|
Batting: SHB Josh Schultze
|
0-0: Called Strike 0-1: Swinging Strike 0-2: Ball 1-2: Strikes out swinging
|
|
Batting: SHB Kaname Fujimoto
|
0-0: Called Strike 0-1: Ball 1-1: Ball 2-1: Foul Ball, location: 2F 2-2: Ground out 6-3 (Groundball, 6S, EV 66.2 MPH)
|
| Bottom of the 2nd over - 0 runs, 0 hits, 0 errors, 2 left on base; New Orleans 0 - Lehigh Valley 0 |
| TOP OF THE 3RD |
|
New Orleans Zephyrs batting - Pitching for Lehigh Valley IronPigs : RHP Jeremy Trotter
|
|
Batting: SHB Greg Rivera
|
0-0: Called Strike 0-1: Ball 1-1: Foul Ball, location: 2F 1-2: Foul Ball, location: 2F 1-2: Ground out 5-3 (Groundball, 25, EV 87.5 MPH)
|
|
Batting: RHB Masumitsu Sugiura
|
0-0: Fly out, F9 (Flyball, 9, EV 91.9 MPH)
|
|
Batting: LHB David Doge
|
0-0: Fly out, F7 (Flyball, 78XD, EV 90.6 MPH)
|
| Top of the 3rd over - 0 runs, 0 hits, 0 errors, 0 left on base; New Orleans 0 - Lehigh Valley 0 |
| BOTTOM OF THE 3RD |
|
Lehigh Valley IronPigs batting - Pitching for New Orleans Zephyrs : RHP Nick Newmaster
|
|
Batting: LHB Pat Shaddock
|
0-0: Bunt missed! 0-1: Foul Ball, location: 2F 0-2: Ground out 6-3 (Groundball, 6S, EV 71.2 MPH)
|
|
Batting: RHB Mark Schultz
|
0-0: Ball 1-0: Called Strike 1-1: Ball 2-1: Ball 3-1: Base on Balls
|
|
Batting: LHB Tom Edwards
|
0-0: Ball 1-0: Called Strike 1-1: Ball Wild Pitch! Mark Schultz to second 2-1: Ball 3-1: Called Strike 3-2: Strikes out swinging
|
|
Batting: RHB Melchor Sovrivilla
|
0-0: Called Strike 0-1: Ground out 6-3 (Groundball, 6, EV 87.5 MPH)
|
| Bottom of the 3rd over - 0 runs, 0 hits, 0 errors, 1 left on base; New Orleans 0 - Lehigh Valley 0 |
| TOP OF THE 4TH |
|
New Orleans Zephyrs batting - Pitching for Lehigh Valley IronPigs : RHP Jeremy Trotter
|
|
Batting: SHB Ramon Martinez
|
0-0: Ball 1-0: Ball 2-0: Ball 3-0: Base on Balls
|
|
Batting: RHB Manuel Taveras
|
0-0: Fielders Choice at 2nd, 1-6 (Groundball, 13S, EV 70.0 MPH)
|
|
Batting: RHB Adam McGurn
|
0-0: Called Strike 0-1: Foul Ball, location: 2F 0-2: Ball 1-2: Foul Ball, location: 2F 1-2: Ball Manuel Taveras is caught stealing 2nd base 2-4 2-2: Foul Ball, location: 2F 2-2: Ball 3-2: Base on Balls
|
|
Batting: LHB Eric Bailey
|
0-0: Ball 1-0: Foul Ball, location: 2F 1-1: Ball 2-1: Fielders Choice at 2nd, 5-4 (Groundball, 5L, EV 88.1 MPH)
|
| Top of the 4th over - 0 runs, 0 hits, 0 errors, 1 left on base; New Orleans 0 - Lehigh Valley 0 |
| BOTTOM OF THE 4TH |
|
Lehigh Valley IronPigs batting - Pitching for New Orleans Zephyrs : RHP Nick Newmaster
|
|
Batting: RHB Jose Leon
|
0-0: Fly out, F1 (Popup, P, EV 82.5 MPH)
|
|
Batting: LHB Danny Hill
|
0-0: Fly out, F8 (Flyball, 8LM, EV 78.8 MPH)
|
|
Batting: LHB Jose Carlos
|
0-0: Called Strike 0-1: Ball 1-1: Ball 2-1: Foul Ball, location: 2F 2-2: Strikes out swinging
|
| Bottom of the 4th over - 0 runs, 0 hits, 0 errors, 0 left on base; New Orleans 0 - Lehigh Valley 0 |
| TOP OF THE 5TH |
|
New Orleans Zephyrs batting - Pitching for Lehigh Valley IronPigs : RHP Jeremy Trotter
|
|
Batting: RHB Rafael Irizarry
|
0-0: Ball 1-0: Fly out, F7 (Flyball, 7, EV 97.5 MPH)
|
|
Batting: RHB Boof Howell
|
0-0: Ball 1-0: Called Strike 1-1: Called Strike 1-2: Ball 2-2: Fly out, F3 (Popup, 3S, EV 83.8 MPH)
|
|
Batting: SHB Greg Rivera
|
0-0: Fly out, F9 (Flyball, 9D, EV 105.0 MPH)
|
| Top of the 5th over - 0 runs, 0 hits, 0 errors, 0 left on base; New Orleans 0 - Lehigh Valley 0 |
| BOTTOM OF THE 5TH |
|
Lehigh Valley IronPigs batting - Pitching for New Orleans Zephyrs : RHP Nick Newmaster
|
|
Batting: SHB Josh Schultze
|
0-0: Swinging Strike 0-1: Called Strike 0-2: Strikes out swinging
|
|
Batting: SHB Kaname Fujimoto
|
0-0: Called Strike 0-1: Ball 1-1: Ball 2-1: Ball 3-1: Called Strike 3-2: Foul Ball, location: 2F 3-2: Ground out 3-1 (Groundball, 34S, EV 80.0 MPH)
|
|
Batting: LHB Pat Shaddock
|
0-0: Fly out, F8 (Flyball, 8RXD, EV 102.5 MPH)
|
| Bottom of the 5th over - 0 runs, 0 hits, 0 errors, 0 left on base; New Orleans 0 - Lehigh Valley 0 |
| TOP OF THE 6TH |
|
New Orleans Zephyrs batting - Pitching for Lehigh Valley IronPigs : RHP Jeremy Trotter
|
|
Batting: RHB Masumitsu Sugiura
|
0-0: Ball 1-0: Ball 2-0: Foul Ball, location: 2F 2-1: Called Strike 2-2: Ground out 6-3 (Groundball, 6D, EV 103.8 MPH)
|
|
Batting: LHB David Doge
|
0-0: Ball 1-0: Ball 2-0: Fly out, F7 (Flyball, 7, EV 98.8 MPH)
|
|
Batting: SHB Ramon Martinez
|
0-0: Swinging Strike 0-1: Called Strike 0-2: Strikes out swinging
|
| Top of the 6th over - 0 runs, 0 hits, 0 errors, 0 left on base; New Orleans 0 - Lehigh Valley 0 |
| BOTTOM OF THE 6TH |
|
Lehigh Valley IronPigs batting - Pitching for New Orleans Zephyrs : RHP Nick Newmaster
|
|
Batting: RHB Mark Schultz
|
0-0: Called Strike 0-1: Swinging Strike 0-2: Strikes out looking
|
|
Batting: LHB Tom Edwards
|
0-0: Ball 1-0: Ball 2-0: Ball 3-0: Base on Balls
|
|
Batting: RHB Melchor Sovrivilla
|
0-0: Ball 1-0: Foul Ball, location: 2F 1-1: Fielders Choice at 2nd, 6-4 (Groundball, 6, EV 88.8 MPH)
|
|
Batting: RHB Jose Leon
|
0-0: Ball 1-0: Foul Ball, location: 2F 1-1: Foul Ball, location: 2F 1-2: Foul Ball, location: 2F 1-2: Foul Ball, location: 2F 1-2: DOUBLE (Line Drive, 78D, EV 110.0 MPH) Melchor Sovrivilla to third Melchor Sovrivilla scores
|
|
Batting: LHB Danny Hill
|
0-0: Ball 1-0: Swinging Strike 1-1: Foul Ball, location: 2F 1-2: Ball 2-2: Ball 3-2: Base on Balls
|
|
Batting: LHB Jose Carlos
|
0-0: Fly out, F1 (Line Drive, P, EV 60.6 MPH)
|
| Bottom of the 6th over - 1 run, 1 hit, 0 errors, 2 left on base; New Orleans 0 - Lehigh Valley 1 |
| TOP OF THE 7TH |
|
New Orleans Zephyrs batting - Pitching for Lehigh Valley IronPigs : RHP Jeremy Trotter
|
|
Batting: RHB Manuel Taveras
|
0-0: Ball 1-0: SINGLE (Line Drive, 8RM, EV 98.8 MPH)
|
|
Batting: RHB Adam McGurn
|
0-0: Called Strike 0-1: Swinging Strike 0-2: Strikes out swinging
|
|
Batting: LHB Eric Bailey
|
0-0: Called Strike 0-1: Called Strike 0-2: Ball 1-2: Ball 2-2: Foul Ball, location: 2F 2-2: 2-RUN HOME RUN (Flyball, 9LD, EV 93.1 MPH), Distance : 335 ft
|
|
Batting: RHB Rafael Irizarry
|
0-0: Ball 1-0: SINGLE (Groundball, 34D, EV 96.9 MPH)
|
|
Batting: RHB Boof Howell
|
0-0: Called Strike Rafael Irizarry steals 2nd base (no throw) 0-1: Ball 1-1: Fly out, F7 (Flyball, 7, EV 80.6 MPH)
|
|
Batting: SHB Greg Rivera
|
0-0: Ball 1-0: Called Strike 1-1: Ground out 5-3 (Groundball, 5, EV 90.0 MPH)
|
| Top of the 7th over - 2 runs, 3 hits, 0 errors, 1 left on base; New Orleans 2 - Lehigh Valley 1 |
| BOTTOM OF THE 7TH |
|
Lehigh Valley IronPigs batting - Pitching for New Orleans Zephyrs : RHP Nick Newmaster
|
|
Batting: SHB Josh Schultze
|
0-0: Foul Ball, location: 2F 0-1: Ball 1-1: SINGLE (Groundball, 6MD, EV 95.0 MPH)
|
|
Batting: SHB Kaname Fujimoto
|
0-0: Sac Bunt to 5S - play at first, batter OUT! 5-4 Josh Schultze to second
|
|
Pitching: LHP Hideo Komatsu
|
|
|
Pinch Hitting: SHB Chris Perteet
|
0-0: Foul Ball, location: 2F 0-1: Ground out 4-3 (Groundball, 4, EV 104.4 MPH) Josh Schultze to third
|
|
Batting: RHB Mark Schultz
|
0-0: Ball 1-0: Fly out, F9 (Flyball, 9D, EV 101.2 MPH)
|
| Bottom of the 7th over - 0 runs, 1 hit, 0 errors, 1 left on base; New Orleans 2 - Lehigh Valley 1 |
| TOP OF THE 8TH |
|
New Orleans Zephyrs batting - Pitching for Lehigh Valley IronPigs : RHP Jeremy Trotter
|
|
Now at 1B: Theodore Conboy
|
|
|
Batting: RHB Masumitsu Sugiura
|
0-0: Ball 1-0: Fly out, F7 (Flyball, 7LM, EV 88.1 MPH)
|
|
Batting: LHB David Doge
|
0-0: Ball 1-0: Ball 2-0: Called Strike 2-1: Foul Ball, location: 2F 2-2: Strikes out swinging
|
|
Batting: SHB Ramon Martinez
|
0-0: Called Strike 0-1: Ball 1-1: Called Strike 1-2: Foul Ball, location: 2F 1-2: Ball 2-2: Ball 3-2: Base on Balls
|
|
Batting: RHB Manuel Taveras
|
0-0: Ball 1-0: Ball 2-0: Called Strike 2-1: Fly out, F7 (Flyball, 78M, EV 85.0 MPH)
|
| Top of the 8th over - 0 runs, 0 hits, 0 errors, 1 left on base; New Orleans 2 - Lehigh Valley 1 |
| BOTTOM OF THE 8TH |
|
Lehigh Valley IronPigs batting - Pitching for New Orleans Zephyrs : LHP Hideo Komatsu
|
|
Pinch Hitting: RHB Xavier Castellanos
|
0-0: Ball 1-0: Ball 2-0: Ball 3-0: Base on Balls
|
|
Batting: RHB Melchor Sovrivilla
|
0-0: Called Strike 0-1: Ball 1-1: Ball 2-1: Foul Ball, location: 2F 2-2: Foul Ball, location: 2F 2-2: Foul Ball, location: 2F 2-2: Foul Ball, location: 2F 2-2: SINGLE (Groundball, 6D, EV 107.5 MPH) Xavier Castellanos to second
|
|
Pitching: RHP Adam Durant
|
|
|
Batting: RHB Jose Leon
|
0-0: Ball 1-0: Called Strike 1-1: Ball 2-1: Called Strike 2-2: Strikes out swinging
|
|
Batting: LHB Danny Hill
|
0-0: Ball 1-0: Foul Ball, location: 2F 1-1: Swinging Strike 1-2: Fielders Choice at 2nd, 3-6 (Groundball, 34, EV 94.4 MPH) Xavier Castellanos to third
|
|
Batting: LHB Jose Carlos
|
0-0: Foul Ball, location: 2F 0-1: Ball 1-1: Fly out, F7 (Flyball, 7D, EV 103.1 MPH)
|
| Bottom of the 8th over - 0 runs, 1 hit, 0 errors, 2 left on base; New Orleans 2 - Lehigh Valley 1 |
| TOP OF THE 9TH |
|
New Orleans Zephyrs batting - Pitching for Lehigh Valley IronPigs : RHP Jeremy Trotter
|
|
Now at 2B: Jose Carlos
|
|
|
Now at SS: Mark Schultz
|
|
|
Now in CF: Xavier Castellanos
|
|
|
Batting: RHB Adam McGurn
|
0-0: Ball 1-0: Fly out, F8 (Line Drive, 8LD, EV 97.5 MPH)
|
|
Batting: LHB Eric Bailey
|
0-0: Called Strike 0-1: Ball 1-1: Ball 2-1: Ball 3-1: Foul Ball, location: 2F 3-2: Strikes out swinging
|
|
Pitching: RHP Victor Castillo
|
|
|
Batting: RHB Rafael Irizarry
|
0-0: Fly out, F8 (Flyball, 89D, EV 91.2 MPH)
|
| Top of the 9th over - 0 runs, 0 hits, 0 errors, 0 left on base; New Orleans 2 - Lehigh Valley 1 |
| BOTTOM OF THE 9TH |
|
Lehigh Valley IronPigs batting - Pitching for New Orleans Zephyrs : RHP Adam Durant
|
|
Now in RF: Harrie de Kam
|
|
|
Batting: SHB Josh Schultze
|
0-0: Foul Ball, location: 2F 0-1: Ground out U3 (Groundball, 3, EV 101.2 MPH)
|
|
Batting: SHB Kaname Fujimoto
|
0-0: Swinging Strike 0-1: Foul Ball, location: 2F 0-2: Strikes out swinging
|
|
Batting: LHB Theodore Conboy
|
0-0: Ball 1-0: Fly out, F7 (Flyball, 7D, EV 92.5 MPH)
|
| Bottom of the 9th over - 0 runs, 0 hits, 0 errors, 0 left on base; New Orleans 2 - Lehigh Valley 1 |
|